 Dungeon Crawl Stone Soup version 0.30.1-9-gdf580d7c3d (webtiles) character file.

Game seed: 5205356526669633186

98 pkoi the Gusty (level 4, -2/33 HPs)
             Began as a Draconian Air Elementalist on Oct 11, 2023.
             Killed from afar by Ijyb (5 damage)
             ... with a puff of flame
             ... on level 3 of the Dungeon.
             The game lasted 00:03:07 (2723 turns).

pkoi the Gusty (Draconian Air Elementalist)         Turns: 2723, Time: 00:03:08

Health: -2/33      AC:  5    Str: 10    XL:     4   Next: 44%
Magic:  1/7        EV: 12    Int: 17    God:
Gold:   75         SH:  0    Dex: 12    Spells: 4/7 levels left

rFire   . . .        c - +0 mace (heavy)
rCold   . . .        (no shield)
rNeg    . . .        (body armour unavailable)
rPois   .            (helmet restricted)
rElec   .            (no cloak)
rCorr   .            (no gloves)
SInv    .            (no boots)
Will    .....        (no amulet)
Stlth   ++           (no ring)
HPRegen 0.25/turn    (no ring)
MPRegen 0.10/turn

%: no passive effects
@: no status effects
A: AC +5, unfitting armour, cold-blooded
a: no special abilities


You were on level 3 of the Dungeon.
You visited 1 branch of the dungeon, and saw 3 of its levels.

You collected 75 gold pieces.

Inventory:

Hand Weapons
 c - a +0 heavy mace (weapon)
 i - a +1 sling of flaming
Jewellery
 h - a ring of flight
Potions
 a - a potion of magic
 b - 5 potions of curing
 d - a potion of degeneration {unknown}
 g - a potion of berserk rage {unknown}
 k - a potion of attraction {unknown}


   Skills:
 - Level 1.7 Dodging
 - Level 1.7 Stealth
 - Level 2.0 Spellcasting
 - Level 1.0 Conjurations
 + Level 5.3 Air Magic


You had 4 spell levels left.
You knew the following spells:

 Your Spells              Type           Power      Damage    Failure   Level
a - Shock                 Conj/Air       48%        1d6       5%          1
b - Static Discharge      Conj/Air       24%        2-3/arc   8%          2

Your spell library contained the following spells:

 Spells                   Type           Power      Damage    Failure   Level
 Swiftness                Air            19%        N/A       7%          3
 Airstrike                Air            9%         2d(2-18)  22%         4


Dungeon Overview and Level Annotations

Branches:
Dungeon (3/15)

Altars:

Annotations:
D:3 Ijyb


Innate Abilities, Weirdness & Mutations

Your plain brown scales are hard. (AC +5)
You cannot fit into any form of body armour.
You are cold-blooded and may be slowed by cold attacks.


Message History

Fire: i) +1 sling (flame)
Press: ? - help, Q - select action, (/) - cycle Shift-Dir - straight line, f/p - Ijyb
Aim: Ijyb, wielding a +0 dagger, wearing a +0 ring mail and carrying a wand of flame (11) (heavily wounded, 50% to hit)
You shoot a sling bullet. The sling bullet hits Ijyb.
The sling bullet burns Ijyb.
Ijyb is severely wounded.
Ijyb closely misses you.
Ijyb zaps a wand.
The puff of flame hits you!
Your magical contamination has completely faded away.
Your +1 sling of flaming stops flaming.
c - a +0 heavy mace (weapon)
Casting: Shock (safe; 5% risk of failure)
Confirm with . or Enter, or press ? or * to list all spells.
Aiming: Shock (safe; 5% risk of failure)
Press: ? - help, Shift-Dir - straight line, p - Ijyb The zap hits Ijyb.
Ijyb is severely wounded.
Ijyb zaps a wand.
The puff of flame hits you.
* * * LOW HITPOINT WARNING * * *
Unknown command.
You hit Ijyb but do no damage.
Ijyb is severely wounded.
Ijyb hits you with a +0 dagger.
* * * LOW HITPOINT WARNING * * *
Ijyb misses you.
Unknown command.
You completely miss Ijyb.
Ijyb is severely wounded.
Ijyb closely misses you.
Ijyb zaps a wand.
The puff of flame misses you.
Unknown command.
You closely miss Ijyb.
Ijyb is severely wounded.
Ijyb barely misses you.
Ijyb zaps a wand.
The puff of flame misses you. Ijyb closely misses you.
Unknown command.
You hit Ijyb.
Ijyb is almost dead.
Ijyb zaps a wand.
The puff of flame hits you!
* * * LOW HITPOINT WARNING * * *
Ijyb zaps a wand.
The puff of flame hits you.
You die...

#.#
#.#######.##........##
#.# #. #............#
#.# #. ####..(...>..#
#. #....#.....#. #†
#.#####...## #. #.#
##.## #.# ##.## #.#
#...# ###@# #####
#.g## #.## #. #. #. #.
#. ..


You could see Ijyb.

Vanquished Creatures
  3 gnolls (D:3)
  2 adders (D:2)
  2 dart slugs
  2 bats (D:1)
  3 endoplasms
  3 giant cockroaches
  6 goblins
  4 hobgoblins
  7 kobolds
  5 ball pythons
  2 frilled lizards
  5 rats
44 creatures vanquished.

Notes
Turn   | Place    | Note
-------+----------+-------------------------------------------
     0 | D:1      | pkoi the Draconian Air Elementalist began the quest for the
                  | Orb.
     0 | D:1      | Reached XP level 1. HP: 14/14 MP: 3/3
   125 | D:1      | Found a faded altar of an unknown god.
   569 | D:1      | Reached XP level 2. HP: 20/20 MP: 1/5
   648 | D:1      | Learned a level 2 spell: Static Discharge
  1145 | D:1      | Reached skill level 4 in Air Magic
  1649 | D:2      | Reached XP level 3. HP: 26/26 MP: 0/6
  2555 | D:3      | Reached skill level 5 in Air Magic
  2555 | D:3      | Reached XP level 4. HP: 33/33 MP: 2/7
  2705 | D:3      | Noticed Ijyb
  2723 | D:3      | Killed from afar by Ijyb

Illustrated notes

Levels and vault maps discovered:
D:1:      saegor_arrival_under_anarchy, layout_basic,
          chequers_ecumenical_altar_twisty
D:2:      layout_basic
D:3:      layout_loops_ring, grunt_temple_overflow_holy_war,
          gup_sewer_entry_spiral, uniq_ijyb

Skill      XL: |  1  2  3 |
---------------+----------+-----
Air Magic      | 4 5 |  5.3
Dodging        | |  1.7
Stealth        | |  1.7
Spellcasting   | |  2.0
Conjurations   | |  1.0

Action                     |  1- 3 |  4- 6 || total
---------------------------+-------+-------++-------
  Melee: Mace              |    19 |     4 ||    23
         Tailslap          |     2 |       ||     2
   Fire: Sling             |    40 |     7 ||    47
   Cast: Shock             |    54 |    10 ||    64
    Use: Scroll            |     8 |       ||     8
 Armour: Skin              |    15 |     2 ||    17
  Dodge: Dodged            |    30 |    13 ||    43
